 Dungeon Crawl Stone Soup version 0.31.0-12-g77e489cdc1 (webtiles) character file.

Game seed: 6020045587818422339

681 Gadfly the Trooper (level 7, -3/74 HPs)
             Began as an Oni Berserker on Feb 23, 2024.
             Was a Believer of Trog.
             Slain by an iguana (12 damage)
             ... on level 4 of the Dungeon.
             The game lasted 00:07:55 (3242 turns).

Gadfly the Trooper (Oni Berserker)                  Turns: 3242, Time: 00:07:56

Health: -3/74      AC:  5    Str: 28    XL:     7   Next: 61%
Magic:  7/7        EV: 10    Int:  8    God:    Trog [**....]
Gold:   209        SH:  0    Dex: 10    Spells: 6/6 levels left

rFire   . . .        a - +1 mace
rCold   . . .        (no shield)
rNeg    . . .        j - +0 animal skin
rPois   .            c - +2 hat
rElec   .            (no cloak)
rCorr   .            (gloves unavailable)
SInv    +            (boots unavailable)
Will    .....        l - amulet of the acrobat
Stlth   +            v - +6 ring of strength
HPRegen 0.32/turn    o - ring of see invisible
MPRegen 0.10/turn

%: acrobat
@: no status effects
A: large, unfitting armour, horns 1, tough skin 1, double potion healing,
drunken brawling
a: Renounce Religion, Berserk, Trog's Hand


You were on level 4 of the Dungeon.
You worshipped Trog.
Trog was pleased with you.
You visited 1 branch of the dungeon, and saw 5 of its levels.

You collected 209 gold pieces.

Inventory:

Hand Weapons
 a - a +1 mace (weapon)
 b - a +2 dagger of venom
 n - a +0 flail
Armour
 c - a +2 hat (worn)
 j - a +0 animal skin (worn)
Jewellery
 h - a ring of protection from cold
 l - an amulet of the acrobat (around neck)
 o - a ring of see invisible (right hand)
 v - a +6 ring of strength (left hand)
Wands
 m - a wand of mindburst (6)
Scrolls
 e - 2 scrolls of vulnerability
 i - 2 scrolls of enchant weapon
 k - 2 scrolls of enchant armour
 q - 2 scrolls of fog
 u - a scroll of teleportation
 y - a scroll of fear
Potions
 d - a potion of curing
 f - a potion of mutation
 g - a potion of attraction
 p - a potion of ambrosia
 s - a potion of degeneration {unknown}


   Skills:
 + Level 5.6 Fighting
 * Level 5.3 Maces & Flails
 * Level 3.6 Armour
 - Level 2.6 Dodging
 * Level 3.2 Evocations


You had 6 spell levels left.
You didn't know any spells.
Your spell library was empty.

Dungeon Overview and Level Annotations

Branches:
Dungeon (5/15)
 Temple: D:4-7

Altars:
Ashenzari
Hepliaklqana
Qazlal
Wu Jian
Zin

Shops:
D:1 ?[


Innate Abilities, Weirdness & Mutations

You are too large for most types of armour.
You have a pair of small horns on your head.
You have tough skin. (AC +1)
You gain doubled healing and magic from potions.
Whenever you drink a healing potion, you attack all around you.


Message History

You sock the iguana!
The iguana is severely wounded.
The iguana bites you. The iguana barely misses you.
You barely miss the iguana.
The iguana is severely wounded.
The iguana bites you! The iguana closely misses you.
You barely miss the iguana. You headbutt the iguana.
The iguana is almost dead.
The iguana bites you. The iguana bites you!
An orc comes into view. It is wielding a +0 hand axe.
The iguana bites you but does no damage.
You closely miss the iguana.
The orc shouts!
Your headbutt misses the iguana.
The iguana is almost dead.
You hear a shout!
The iguana bites you but does no damage.
The iguana barely misses you.
An orc comes into view. It is wielding a +0 hand axe.
The iguana bites you. The iguana bites you!
The iguana bites you but does no damage.
You climb upwards.
There is a stone staircase leading down here.
You hit the iguana.
You kill the iguana!
Trog accepts your kill. The iguana bites you!
* * * LOW HITPOINT WARNING * * *
The iguana attacks as it pursues you! The iguana completely misses you.
You hit the iguana but do no damage. The iguana bites you!
* * * LOW HITPOINT WARNING * * *
You hit the iguana but do no damage. You headbutt the iguana.
The iguana is moderately wounded.
The iguana bites you.
* * * LOW HITPOINT WARNING * * *
You closely miss the iguana.
The iguana is moderately wounded.
The iguana bites you!
You die...

......#######.##.......#.......#
#####.##......#####'#####.####.#
#.##.###.## #..###.#####.##
#....# #.# ###.#.#........
#.##.###.# ######.######
#.##.....# #######.# #.####.###
#8.._##.# #.#
#.#########....#### #.#
#.#.>.l@..'....# #.#
#.#.#######..### #.# #.#.#
#####8.#A######### #.# #...#
#...#######.......
#.##########.### ########
#............# ##############


You could see an angel and an iguana.

Vanquished Creatures
  Sigmund (D:2)
  A water moccasin (D:4)
  An ice beast (D:4)
  A howler monkey (D:4)
  An orc priest (D:4)
  3 iguanas (D:4)
  An orc wizard (D:4)
  5 adders
  4 dart slugs
  3 ribbon worms (D:2)
  5 orcs (D:4)
  5 bats
  3 endoplasms
  4 giant cockroaches
  11 goblins
  9 hobgoblins
  2 jackals (D:4)
  4 quokkas
  6 ball pythons
  7 frilled lizards
  8 kobolds
  2 rats (D:1)
87 creatures vanquished.

Notes
Turn   | Place    | Note
-------+----------+-------------------------------------------
     0 | D:1      | Gadfly the Oni Berserker began the quest for the Orb.
     0 | D:1      | Reached XP level 1. HP: 24/24 MP: 1/1
    87 | D:1      | Reached XP level 2. HP: 32/32 MP: 2/2
    90 | D:1      | Found Quduekhli's Armour Shoppe.
    90 | D:1      | Noticed an animated plate armour
    90 | D:1      | Noticed an animated shadow dragon scales
   265 | D:1      | Reached skill level 1 in Armour
   305 | D:1      | Reached XP level 3. HP: 39/39 MP: 3/3
   341 | D:1      | Reached ** piety under Trog
   352 | D:1      | Reached skill level 1 in Evocations
   507 | D:1      | Found The Oracle's Delphic Readings.
   841 | D:2      | Noticed Sigmund
   871 | D:2      | Killed Sigmund
   872 | D:2      | Reached XP level 4. HP: 49/49 MP: 4/4
   872 | D:2      | Reached XP level 5. HP: 55/55 MP: 5/5
  1202 | D:2      | Reached XP level 6. HP: 64/65 MP: 6/6
  1211 | D:2      | Found a faded altar of an unknown god.
  1233 | D:2      | Reached skill level 5 in Fighting
  1572 | D:3      | Found a broken altar of Ashenzari.
  1573 | D:3      | Found a stormy altar of Qazlal.
  1573 | D:3      | Found a hazy altar of Hepliaklqana.
  1816 | D:3      | Found an ornate altar of the Wu Jian Council.
  2249 | D:4      | Reached *** piety under Trog
  2390 | D:4      | Noticed a water moccasin
  2396 | D:4      | Killed a water moccasin
  2397 | D:4      | Reached XP level 7. HP: 56/72 MP: 7/7
  2497 | D:4      | Reached skill level 5 in Maces & Flails
  2857 | D:4      | Found a glowing silver altar of Zin.
  2857 | D:4      | Noticed an angel
  3000 | D:5      | Entered Level 5 of the Dungeon
  3242 | D:4      | Slain by an iguana

Illustrated notes

Levels and vault maps discovered:
D:1:      tarquinn_simple_flora_water_c, layout_basic, serial_shops,
          nicolae_shop_mannequins, nicolae_nh_oracle_at_delphi
D:2:      minmay_chambers_of_twos, layout_basic,
          nicolae_ecumenical_snake_handling, uniq_sigmund
D:3:      layout_rooms, nicolae_wu_jian_wuxing_cycle,
          grunt_temple_overflow_open, serial_park_tiny_2
D:4:      nicolae_cairo_tiling_very_big, layout_loops_ring, zin_angel
D:5:      layout_basic, serial_shops, kennysheep_mini

Skill      XL: |  1  2  3  4  5  6  7 |
---------------+----------------------+-----
Armour         | 1 2 3 |  3.6
Evocations     | 2 3 |  3.2
Maces & Flails | 4 5 |  5.3
Fighting       | 5 |  5.6
Dodging        | |  2.6

Action                     |  1- 3 |  4- 6 |  7- 9 || total
---------------------------+-------+-------+-------++-------
  Melee: Mace              |   106 |    90 |    44 ||   240
         Headbutt          |     7 |    17 |     6 ||    30
         Dagger            |       |    31 |       ||    31
 Invoke: Berserk           |     1 |       |     1 ||     2
    Use: Scroll            |     3 |     7 |     4 ||    14
         Potion            |     1 |       |     1 ||     2
   Stab: Sleeping          |       |     1 |       ||     1
 Armour: Animal skin       |    73 |    74 |    39 ||   186
  Dodge: Dodged            |    63 |    61 |    23 ||   147
